 Dungeon Crawl Stone Soup version 0.20.1-1-g8b1a95d (webtiles) character file.

412 Starchild the Quickloader (level 7, -1/40 HPs)
             Began as a Kobold Hunter on Aug 12, 2017.
             Slain by a gnoll
             ... wielding a +0 flail
              (6 damage)
             ... on level 4 of the Dungeon.
             The game lasted 00:13:11 (4729 turns).

Starchild the Quickloader (Kobold Hunter)           Turns: 4729, Time: 00:13:12

Health: -1/40      AC:  4    Str:  9    XL:     7   Next: 14%
Magic:  7/7        EV: 14    Int: 13    God:
Gold:   195        SH:  0    Dex: 17    Spells: 6/6 levels left

rFire    . . .     SeeInvis +   b - +0 short sword
rCold    . . .     Gourm    .   (shield restricted)
rNeg     . . .     Faith    .   c - +0 leather armour
rPois    .         Spirit   .   (no helmet)
rElec    .         Reflect  .   (no cloak)
rCorr    .         Harm     .   u - +0 pair of gloves
MR       .....     Rnd*Tele +   (no boots)
Stlth    ++........             (no amulet)
Regen    0.2/turn               e - ring of see invisible
MPRegen  0.1/turn               n - ring of teleportation (curse)

@: no status effects
A: carnivore 3
a: no special abilities


You were on level 4 of the Dungeon.
You were very hungry.

You visited 1 branch of the dungeon, and saw 5 of its levels.
You also visited: Sewer.

You collected 195 gold pieces.

Inventory:

Hand Weapons
 a - a +2 hand crossbow
 b - a +0 short sword (weapon)
Missiles
 h - 85 stones (quivered)
Armour
 c - a +0 leather armour (worn)
 u - a +0 pair of gloves (worn)
Jewellery
 e - a ring of see invisible (left hand)
 n - a cursed ring of teleportation (right hand)
Wands
 j - a wand of iceblast (7/15)
Scrolls
 i - 4 scrolls of identify
 k - a scroll of amnesia
Potions
 g - a potion of haste
 l - a potion of degeneration {unknown}
 m - 3 potions of curing
 o - a potion of resistance {unknown}
 p - 5 potions of might {unknown}
 q - 2 potions of magic {unknown}
 r - 2 potions of brilliance {unknown}
 s - a potion of heal wounds {unknown}
 t - a potion of flight {unknown}
Comestibles
 f - 2 meat rations


   Skills:
 - Level 2.1 Fighting
 + Level 9.5 Crossbows
 - Level 2.4 Dodging
 - Level 1.3 Stealth


You had 6 spell levels left.
You didn't know any spells.

Dungeon Overview and Level Annotations

Branches:
Dungeon (5/15)
 Temple: D:4-7

Altars:
Cheibriados
Uskayaw

Annotations:
D:4 Menkaure


Innate Abilities, Weirdness & Mutations

You are small and have problems with some larger weapons.
You are carnivorous and can eat meat at any time.


Message History

The gnoll hits you from afar with a spear.
* * * LOW HITPOINT WARNING * * *
A mysterious force pulls you upwards. The hatch slams shut behind you.
Level annotation: Menkaure You hit the gnoll.
The gnoll is moderately wounded.
The gnoll misses you.
Wield which item (- for none, * to show all)? (? for menu, Esc to quit)
a - a +2 hand crossbow (weapon)
The gnoll completely misses you.
Wield which item (- for none, * to show all)? (? for menu, Esc to quit)
b - a +0 short sword (weapon)
You hit the gnoll but do no damage.
The gnoll is moderately wounded.
The gnoll hits you with a flail.
* * * LOW HITPOINT WARNING * * *
You hit the gnoll.
The gnoll is heavily wounded.
The gnoll hits you with a flail.
You die...

##
##########
#.
.......@.#
#.
.......g.#
#.
.........#
#.
.........#
#.
..###+####
##. # #..
+.. #..
#..


You could see a gnoll.

Vanquished Creatures
  Eustachio (D:4)
  A hound (D:3)
  An orc priest (D:4)
  A gnoll (D:5)
  9 adders
  An ooze (D:2)
  An adder zombie (D:5)
  5 worms
  6 dart slugs
  A leopard gecko (D:2)
  An orc (D:5)
  3 ball pythons (Sewer)
  9 bats
  A giant cockroach (D:1)
  10 hobgoblins
  7 jackals
  15 kobolds
  3 quokkas
  A ball python skeleton (D:5)
  6 frilled lizards
  3 goblins
  A jackal skeleton (D:4)
  A quokka skeleton (D:5)
  5 rats
  2 plants (Sewer)
95 creatures vanquished.

Vanquished Creatures (others)
  A plant (Sewer)
1 creature vanquished.

Grand Total: 96 creatures vanquished

Notes
Turn   | Place    | Note
-------+----------+-------------------------------------------
     0 | D:1      | Starchild the Kobold Hunter began the quest for the Orb.
     0 | D:1      | Reached XP level 1. HP: 12/12 MP: 1/1
   243 | D:1      | Reached skill level 5 in Crossbows
   347 | D:1      | Reached XP level 2. HP: 8/17 MP: 2/2
  1007 | D:1      | Reached XP level 3. HP: 21/21 MP: 3/3
  1314 | D:2      | Reached skill level 6 in Crossbows
  1838 | D:2      | Reached XP level 4. HP: 14/26 MP: 4/4
  2344 | D:3      | Found a glowing drain.
  2366 | Sewer    | Entered a sewer
  2489 | Sewer    | Reached skill level 7 in Crossbows
  2665 | Sewer    | Reached XP level 5. HP: 30/30 MP: 5/5
  3491 | D:3      | Found a snail-covered altar of Cheibriados.
  3828 | D:3      | Reached skill level 8 in Crossbows
  3828 | D:3      | Reached XP level 6. HP: 33/35 MP: 6/6
  4316 | D:4      | Found a hide-covered altar of Uskayaw.
  4388 | D:4      | Noticed Eustachio
  4398 | D:4      | Killed Eustachio
  4398 | D:4      | Reached skill level 9 in Crossbows
  4398 | D:4      | Reached XP level 7. HP: 24/40 MP: 7/7
  4506 | D:4      | Noticed Menkaure
  4526 | D:5      | Entered Level 5 of the Dungeon
  4729 | D:4      | Slain by a gnoll

Skill      XL: |  1  2  3  4  5  6 |
---------------+-------------------+-----
Crossbows      | 5 6 7 8 9 |  9.5
Fighting       | |  2.1
Dodging        | |  2.4
Stealth        | |  1.3

Action                   |  1- 3 |  4- 6 |  7- 9 || total
-------------------------+-------+-------+-------++-------
Melee: Short sword       |   148 |   223 |    34 ||   405
 Fire: Hand crossbow     |    12 |   121 |     4 ||   137
Throw: Stone             |     2 |       |     1 ||     3
  Use: Scroll            |     7 |     2 |       ||     9
       Potion            |     1 |       |       ||     1
 Stab: Sleeping          |     2 |     1 |       ||     3
  Eat: Chunk             |     3 |     9 |       ||    12
Armor: Leather armour    |    33 |    11 |     6 ||    50
Dodge: Dodged            |   133 |    86 |    29 ||   248
